 Dungeon Crawl Stone Soup version 0.31-a0-986-g5e6e4ef867 (webtiles) character file.

Game seed: 18055630139777847496

498 gelatine the Ruffian (level 7, -3/50 HPs)
             Began as a Djinni Shapeshifter on Nov 9, 2023.
             Slain by Duvessa
             ... wielding a +0 short sword
              (6 damage)
             ... on level 4 of the Dungeon.
             The game lasted 00:15:31 (4431 turns).

gelatine the Ruffian (Djinni Shapeshifter)          Turns: 4431, Time: 00:15:31

Health: -3/50      AC:  3    Str: 15    XL:     7   Next: 39%
Gold:   195        EV: 12    Int: 12    God:
                   SH:  0    Dex: 12

rFire   + +          .
                       - Unarmed
rCold   x . .        (no shield)
rNeg    . . .        a - +1 animal skin
rPois   ∞            (helmet currently unavailable)
rElec   .            (cloak currently unavailable)
rCorr   .            (gloves currently unavailable)
SInv    .            (boots unavailable)
Will    .....        (no amulet)
Stlth   +            (no ring)
HPRegen 0.28/turn    (no ring)
MPRegen 0.00/turn

%: infuse magic (-4 HP)
@: beast-form, flying, very slightly contaminated, invisible (expiring)
A: beast (slay +2), flying, sickness immunity, fire resistance 2, cold
vulnerability 1, float, innate caster, HP casting, extra vitality 1
a: Begin Untransformation


You were on level 4 of the Dungeon.
You were a hulking beast.
You visited 1 branch of the dungeon, and saw 4 of its levels.

You collected 195 gold pieces.

Inventory:

Hand Weapons
 f - a +0 vampiric spear
 j - a +0 whip of pain
 k - a +0 demon whip
Armour
 a - a +1 animal skin (worn)
 s - a +0 helmet
 w - a +0 cloak
Talismans
 c - a beast talisman
 d - a flux talisman
Scrolls
 g - 2 scrolls of enchant weapon
 h - a scroll of identify
 l - a scroll of summoning {unknown}
 n - a scroll of teleportation {unknown}
 o - a scroll of enchant armour
 p - a scroll of revelation {unknown}
Potions
 b - 2 potions of lignification
 e - a potion of heal wounds {unknown}
 i - a potion of might {unknown}
 m - a potion of invisibility
 q - a potion of magic {unknown}
 r - a potion of enlightenment {unknown}
 t - a potion of brilliance {unknown}
 v - a potion of haste


   Skills:
 * Level 3.0 Fighting
 + Level 0.4 Armour
 + Level 3.0 Dodging
 + Level 0.7 Stealth
 * Level 5.1 Unarmed Combat
 * Level 1.8 Spellcasting
 * Level 1.8 Conjurations
 * Level 1.8 Hexes
 * Level 1.8 Summonings
 * Level 1.8 Necromancy
 * Level 1.8 Translocations
 * Level 1.8 Transmutations
 * Level 1.8 Fire Magic
 * Level 1.8 Ice Magic
 * Level 1.8 Air Magic
 * Level 1.8 Earth Magic
 * Level 1.8 Poison Magic
 * Level 3.8 Shapeshifting


You knew the following spells:

 Your Spells              Type           Power      Damage    Failure   Level
a - Sandblast             Erth           10%        2d5       13%         1
b - Poisonous Vapours     Pois/Air       10%        N/A       21%         2
c - Ozocubu's Armour      Ice            5%         N/A       36%         3
Your spell library was empty.

Dungeon Overview and Level Annotations

Branches:
Dungeon (4/15)
 Temple: D:4-7

Altars:

Annotations:
D:4 Duvessa


Innate Abilities, Weirdness & Mutations

You are a hulking beast.
Your limbs bulge with bestial killing power. (Slay +2)
You are flying.
You are immune to sickness and miasma.
You are immune to poison.
Your flesh is very heat resistant. (rF++)
You are vulnerable to cold. (rC-)
You float through the air rather than walking.
You learn spells naturally, not from books.
Your magical power is your life essence.
You have superior vitality. (+4 MHP)


Message History

Duvessa misses you.
You are too injured to fight recklessly!
Casting: Poisonous Vapours (safe; 21% risk of failure)
Confirm with . or Enter, or press ? or * to list all spells.
Aiming: Poisonous Vapours (safe; 21% risk of failure)
Press: ? - help, Dir - move target, f/p - Duvessa
Aim: Duvessa, wielding a +0 short sword, wearing a +0 scale mail and quivering stones (lightly wounded, berserk, unable to see you) Poisonous vapours surround Duvessa!
Duvessa is poisoned.
* * * LOW HITPOINT WARNING * * *
Duvessa closely misses you.
Casting: Poisonous Vapours (safe; 21% risk of failure)
Confirm with . or Enter, or press ? or * to list all spells.
Aiming: Sandblast (safe; 13% risk of failure)
Press: ? - help, Shift-Dir - straight line, f/p - Duvessa
Aim: Duvessa, wielding a +0 short sword, wearing a +0 scale mail and quivering stones (lightly wounded, berserk, unable to see you, poisoned, 86% to hit)
The blast of sand hits Duvessa but does no damage.
Duvessa is lightly wounded.
* * * LOW HITPOINT WARNING * * *
Duvessa barely misses you. x2; Duvessa closely misses you.
Casting: Sandblast (safe; 13% risk of failure)
Confirm with . or Enter, or press ? or * to list all spells.
Aiming: Sandblast (safe; 13% risk of failure)
Press: ? - help, Shift-Dir - straight line, f/p - Duvessa
Aim: Duvessa, wielding a +0 short sword, wearing a +0 scale mail and quivering stones (lightly wounded, berserk, unable to see you, poisoned, 86% to hit)
The blast of sand hits Duvessa but does no damage.
Duvessa is lightly wounded.
* * * LOW HITPOINT WARNING * * *
Duvessa barely misses you. Duvessa hits you with a +0 short sword!
* * * LOW HITPOINT WARNING * * *
Casting: Sandblast (safe; 13% risk of failure)
Confirm with . or Enter, or press ? or * to list all spells.
Aiming: Sandblast (safe; 13% risk of failure)
Press: ? - help, Shift-Dir - straight line, f/p - Duvessa
Aim: Duvessa, wielding a +0 short sword, wearing a +0 scale mail and quivering stones (moderately wounded, berserk, unable to see you, poisoned, 86% to hit)
The blast of sand hits Duvessa but does no damage.
Duvessa is moderately wounded.
* * * LOW HITPOINT WARNING * * *
You flicker for a moment.
Duvessa closely misses you. Duvessa hits you with a +0 short sword.
You die...

#### #.############.# #.# #.#
#.# #.# #.# ##.## #######
##.###########...#####......
####.......................####
##.##..########.##....####..#
##.#.#..#### #.###.#.#...).#
#.###......# #h# #.........#
##.#.#<#...### #e# ###.......#
##....).....# #.# ####e...#
###........# #.# #g##.#
#........# #=# #.##.#
#.##...### #)# #.##.# #.##...#
#.########.##.# #.###.##
#...e)........# #.# #.#
##########)####


You could see Duvessa (berserk, unable to see you, poisoned).

Vanquished Creatures
  An ogre (D:4)
  A scorpion (D:4)
  Dowan (D:4)
  Robin (D:4)
  7 adders
  10 gnolls
  2 ufetubi (D:4)
  3 worms
  4 dart slugs
  11 orcs
  10 ball pythons
  6 endoplasms
  3 giant cockroaches
  12 goblins
  10 hobgoblins
  12 kobolds
  2 quokkas
  7 bats
  2 frilled lizards (D:1)
  7 rats
112 creatures vanquished.

Notes
Turn   | Place    | Note
-------+----------+-------------------------------------------
     0 | D:1      | gelatine the Djinni Shapeshifter began the quest for the
                  | Orb.
     0 | D:1      | Reached XP level 1. HP: 17/17 MP: 0/0
   186 | D:1      | Found a faded altar of an unknown god.
   247 | D:1      | Reached XP level 2. HP: 18/22 MP: 0/0
   389 | D:1      | Reached XP level 3. HP: 16/27 MP: 0/0
   389 | D:1      | Learned a level 1 spell: Sandblast
  1039 | D:2      | Reached XP level 4. HP: 31/32 MP: 0/0
  1926 | D:3      | Reached XP level 5. HP: 15/38 MP: 0/0
  1926 | D:3      | Learned a level 2 spell: Poisonous Vapours
  2254 | D:3      | Reached skill level 4 in Unarmed Combat
  2602 | D:3      | Reached skill level 1 in Spellcasting
  2602 | D:3      | Reached skill level 1 in Conjurations
  2602 | D:3      | Reached skill level 1 in Hexes
  2602 | D:3      | Reached skill level 1 in Summonings
  2602 | D:3      | Reached skill level 1 in Necromancy
  2602 | D:3      | Reached skill level 1 in Translocations
  2602 | D:3      | Reached skill level 1 in Transmutations
  2602 | D:3      | Reached skill level 1 in Fire Magic
  2602 | D:3      | Reached skill level 1 in Ice Magic
  2602 | D:3      | Reached skill level 1 in Air Magic
  2602 | D:3      | Reached skill level 1 in Earth Magic
  2602 | D:3      | Reached skill level 1 in Poison Magic
  2739 | D:4      | Reached XP level 6. HP: 38/43 MP: 0/0
  2802 | D:4      | Noticed Robin
  2821 | D:4      | Killed Robin
  3474 | D:4      | Noticed an ogre
  3502 | D:4      | Killed an ogre
  3503 | D:4      | Reached XP level 7. HP: 46/49 MP: 0/0
  3503 | D:4      | Learned a level 3 spell: Ozocubu's Armour
  3732 | D:4      | Reached skill level 5 in Unarmed Combat
  4397 | D:4      | Noticed Dowan
  4398 | D:4      | Noticed Duvessa
  4420 | D:4      | Killed Dowan
  4431 | D:4      | Slain by Duvessa

Illustrated notes

Levels and vault maps discovered:
D:1:      elethiomel_arrival_quiet, layout_basic,
          shapermc_ecumenical_altar_ellora, dreamdust_princess_bridge,
          kennysheep_boxes
D:2:      layout_rooms, basic_altar, grunt_ministairs_1
D:3:      kennysheep_big_flooded_room, layout_loops_cross, nicolae_grassy_gnolls
D:4:      layout_loops_ring, uniq_duvessa, uniq_robin

Skill      XL: |  1  2  3  4  5  6  7 |
---------------+----------------------+-----
Shapeshifting  | 3 |  3.8
Unarmed Combat | 4 5 |  5.1
Fighting       | 2 3 |  3.0
Spellcasting   | 1 |  1.8
Conjurations   | 1 |  1.8
Hexes          | 1 |  1.8
Summonings     | 1 |  1.8
Necromancy     | 1 |  1.8
Translocations | 1 |  1.8
Transmutations | 1 |  1.8
Fire Magic     | 1 |  1.8
Ice Magic      | 1 |  1.8
Air Magic      | 1 |  1.8
Earth Magic    | 1 |  1.8
Poison Magic   | 1 |  1.8
Dodging        | 3 |  3.0
Armour         | |  0.4
Stealth        | |  0.7

Action                     |  1- 3 |  4- 6 |  7- 9 || total
---------------------------+-------+-------+-------++-------
  Melee: Unarmed           |    73 |   199 |    13 ||   285
         Punch             |     4 |     3 |       ||     7
   Cast: Sandblast         |     8 |    39 |     3 ||    50
         Poisonous Vapours |       |    37 |    33 ||    70
    Use: Scroll            |       |     3 |       ||     3
         Potion            |       |       |     4 ||     4
 Armour: Animal skin       |    34 |   119 |    23 ||   176
  Dodge: Dodged            |    59 |   137 |    35 ||   231

Table legend: (Time is in decaauts)
 A = Elapsed time spent in this place.
 B = Non-inter-level travel time spent in this place.
 C = Inter-level travel time spent in this place.
 D = Time resting spent in this place.
 E = Time spent auto-exploring this place.
 F = Levels seen in this place.
 G = Mean time per level.
                   A        B        C        D        E       F      G
               +--------+--------+--------+--------+--------+-----+--------+
         Total |   4420 |   4244 |    176 |      0 |   3224 |   4 | 1105.0 |
       Dungeon |   4420 |   4244 |    176 |      0 |   3224 |   4 | 1105.0 |
               +--------+--------+--------+--------+--------+-----+--------+

Top non-repeatable levels by time:
     D:4: 1429 daAuts
     D:3: 1391 daAuts
     D:1: 961 daAuts
     D:2: 639 daAuts
